 Dungeon Crawl Stone Soup version 0.30-a0-219-gf2db51d15e (webtiles) character file.

Game seed: 16334512578558034364

2202 Flugkiller the Transmogrifier (level 9, -3/109 HPs)
             Began as a Meteoran Chaos Knight on Oct 6, 2022.
             Was a Plaything of Xom.
             Slain by a centaur warrior
             ... wielding a +5 spectral quarterstaff
              (5 damage)
             ... on level 7 of the Dungeon.
             The game lasted 00:12:44 (2991 turns).

Flugkiller the Transmogrifier (MeCK)                Turns: 2991, Time: 00:12:45

Health: -3/109     AC: 17    Str: 18    XL:     9   Next: 91%
Magic:  7/7        EV: 11    Int: 18    God:    Xom [....*.]
Gold:   291        SH:  5    Dex: 15    Spells: 11/16 levels left

rFire   x . .      SeeInvis +    y - +9 broad axe "Osefy" {protect, MP-9 Int+5 Dex+4}
rCold   . . .      Faith    .    (no shield)
rNeg    . . .      Spirit   .    a - +2 leather armour
rPois   .          Reflect  +    D - +0 helmet
rElec   .          Harm     .    h - +0 cloak {Will+}
rCorr   .          Rampage  .    (no gloves)
Will    ++...                    (no boots)
Stlth   ..........               r - amulet of reflection
HPRegen 0.38/turn                i - ring of see invisible
MPRegen 0.10/turn                p - +4 ring of protection

@: berserking, under a protective aura, glowing, very quick
A: sense surroundings 2, otherworldly, glowing, explore regen, clumsy 1,
deformed body, dopey 1, heat vulnerability 1
a: Renounce Religion


You were on level 7 of the Dungeon.
You worshipped Xom.
You were a beloved toy of Xom.
You visited 1 branch of the dungeon, and saw 7 of its levels.

You collected 291 gold pieces.

Inventory:

Hand Weapons
 g - a +0 war axe of flaming
   (You found it on level 2 of the Dungeon)
 y - the +9 broad axe "Osefy" (weapon) {protect, MP-9 Int+5 Dex+4}
   (You found it on level 7 of the Dungeon)

   It grants its wielder temporary protection when it strikes (+7 to AC).
   Int:       It affects your intelligence (+5).
   Dex:       It affects your dexterity (+4).
   MP:        It affects your magic capacity (-9).
Missiles
 d - 4 boomerangs
Armour
 a - a +2 leather armour (worn)
 h - a +0 cloak of willpower (worn)
   (You took it off Crazy Yiuf on level 2 of the Dungeon)
 k - a +0 ring mail
   (You found it on level 3 of the Dungeon)
 D - a +0 helmet (worn)
   (You took it off Robin on level 3 of the Dungeon)
Magical Staves
 s - a staff of fire
   (You found it on level 4 of the Dungeon)
Jewellery
 i - a ring of see invisible (left hand)
   (You found it on level 2 of the Dungeon)
 o - a ring of poison resistance
   (You found it on level 6 of the Dungeon)
 p - a +4 ring of protection (right hand)
   (You found it on level 5 of the Dungeon)
 r - an amulet of reflection (around neck)
   (You found it on level 6 of the Dungeon)
Wands
 B - a wand of quicksilver (13)
   (You found it on level 6 of the Dungeon)
Scrolls
 c - a scroll of immolation
 f - 2 scrolls of poison
 m - a scroll of torment
 t - a scroll of teleportation
 z - a scroll of fear {unknown}
 A - a scroll of vulnerability {unknown}
Potions
 j - a potion of lignification {unknown}
 l - a potion of invisibility {unknown}
 n - a potion of cancellation {unknown}
 q - 2 potions of curing
 u - a potion of experience {unknown}
 v - a potion of resistance {unknown}
 w - 2 potions of haste {unknown}
 x - a potion of degeneration {unknown}
 C - a potion of brilliance {unknown}
Miscellaneous
 b - a piece from Xom's chessboard (15/15) (quivered)


   Skills:
 + Level 4.8 Fighting
 - Level 2.4 Armour
 - Level 1.2 Dodging
 - Level 8.0 Unarmed Combat
 - Level 4.0 Spellcasting
 + Level 10.2 Transmutations
 + Level 4.1 Evocations


You had 11 spell levels left.
You knew the following spells:

 Your Spells              Type           Power      Damage    Failure   Level
a - Blade Hands           Tmut           20%        N/A       8%          5

Your spell library contained the following spells:

 Spells                   Type           Power      Damage    Failure   Level
 Ignite Poison            Fire/Tmut/Pois 15%        N/A       13%         3
 Portal Projectile        Hex/Tloc       6%         N/A       45%         3
 Tukima's Dance           Hex            3%         N/A       45%         3
 Yara's Violent Unravell  Hex/Tmut       10%        3d6       52%         5
 Sticky Flame             Conj/Fire      3%         2d3       86%         4
 Enfeeble                 Hex            1%         N/A       100%        7
 Ignition                 Fire           1%         3d3       100%        8


Dungeon Overview and Level Annotations

Branches:
Dungeon (7/15) Zot: 1248   Temple (0/1) D:5

Altars:
Ashenzari
Cheibriados
Makhleb
Nemelex Xobeh
Okawaru
Qazlal
Xom
The Shining One

Annotations:
D:3 2 transporters
D:4 1 runed translucent door, bjarki66's ghost, amateur DgRe


Innate Abilities, Weirdness & Mutations

You passively map the area around you.
You are easily found by Zot.
You glow in the dark.
You regain HP and MP as you explore.
You are clumsy. (Dex -2)
Armour fits poorly on your strangely shaped body.
You are dopey. (Int -2)
You are vulnerable to heat. (rF-)


Message History

Things that are here:
a +3 short sword; a +0 robe You barely miss the wight.
The wight is heavily damaged.
The wight barely misses you. The wight completely misses you.
You slash the wight!
You destroy the wight!
Your life force feels restored.
Your Evocations skill increases to level 4!
Things that are here:
a +0 morningstar; a +0 robe
Things that are here:
a +3 short sword; a +0 robe
Things that are here:
a +2 morningstar; a +0 robe An orc warrior, a bullfrog and a hound come into view.
The orc warrior shouts!
The bullfrog gives a loud, deep croak!
The hound barks!
You hear a shout!
The hound bites you but does no damage. The hound closely misses you.
The bullfrog barely misses you. You block the orc warrior's attack.
The hound closely misses you. The bullfrog barely misses you.
You barely miss the bullfrog. You slash the hound!
Your weapon exudes an aura of protection.
The hound bites you but does no damage. You block the bullfrog's attack.
The orc warrior hits you but does no damage.
The hound bites you but does no damage. The bullfrog closely misses you.
The orc warrior barely misses you. The hound bites you but does no damage.
You closely miss the hound.
The hound is severely wounded.
You slash the bullfrog!
A centaur comes into view.
You block the bullfrog's attack. The hound closely misses you.
The centaur wields a +0 shortbow.
The centaur shoots an arrow.
The arrow hits you! The bullfrog hits you. The orc warrior closely misses you.
A centaur warrior comes into view.
It is wielding a +5 spectral quarterstaff and wearing the +2 robe of the Carpenter {rF- Str+5 Slay+6}.
You block the hound's attack.
The bullfrog hits you but does no damage.
The centaur shoots an arrow.
The arrow barely misses you.
The orc warrior hits you from afar with a +0 trident.
You closely miss the bullfrog.
The bullfrog is severely wounded.
The centaur warrior shouts!
You slash the hound!
You kill the hound!
The bullfrog hits you but does no damage.
The centaur shoots an arrow.
The arrow hits you.
The centaur warrior unwields a +5 spectral quarterstaff.
The centaur warrior wields a +0 shortbow.
The centaur warrior shoots an arrow.
The arrow hits you! The orc warrior barely misses you.
You block the bullfrog's attack.
The centaur shoots an arrow.
The arrow barely misses you.
The centaur warrior shoots an arrow.
The arrow hits you.
You hear a shout!
The bullfrog attacks as you move away! The bullfrog hits you.
The centaur unwields a +0 shortbow.
The centaur closely misses you.
The centaur kicks you but does no damage.
The orc warrior hits you from afar with a +0 trident!
The bullfrog hits you but does no damage.
The centaur warrior unwields a +0 shortbow.
The centaur warrior wields a +5 spectral quarterstaff.
You block the centaur warrior's attack.
The centaur warrior kicks you but does no damage.
The orc warrior hits you with a +0 trident.
The bullfrog hits you.
* * * LOW HITPOINT WARNING * * *
You block the centaur's attack. The centaur misses you.
The centaur warrior hits you with a +5 spectral quarterstaff!
* * * LOW HITPOINT WARNING * * *
You block the centaur warrior's attack.
Unknown command.
Okay, then.
A red film seems to cover your vision as you go berserk!
You feel yourself moving faster!
You feel mighty! The bullfrog hits you.
* * * LOW HITPOINT WARNING * * *
The centaur misses you.
The centaur kicks you but does no damage.
The orc warrior hits you with a +0 trident.
* * * LOW HITPOINT WARNING * * *
You block the centaur warrior's attack.
The centaur warrior kicks you but does no damage.
The bullfrog barely misses you.
Unknown command.
You slash the centaur warrior! You punch the centaur warrior!
The centaur warrior is heavily wounded.
You slash the centaur! You slash the bullfrog!
You kill the bullfrog!
You slash the orc warrior!
The centaur hits you but does no damage.
The centaur completely misses you. The centaur warrior closely misses you.
The centaur warrior kicks you but does no damage.
The orc warrior misses you. The centaur barely misses you.
The centaur kicks you but does no damage.
Unknown command.
You slice the centaur warrior!!
The centaur warrior is almost dead.
You barely miss the centaur.
You hit the orc warrior but do no damage.
The centaur warrior hits you with a +5 spectral quarterstaff.
You die...
Xom titters!

∆ ~ ~ * , #.....#
##..... ~
#....###......# ~ ~
#............# ~ , ~~
,*♣♣,#...........# * ,
* ♣.♣#..........## ,*
,, ∆ ♣♣...........## ,
** , ,* ♣.♣#........##
, #.♣♣♣c#....#....#*
~~ , ~
#..c@†#...####...# ~
,~ ~ #..o..#...#*
#...### ,~ #.....#..#.
##...# ~ *, ~
#♣...♣#..### ##... ~~*
*~ ~
♣♣.♣♣#....######.... *
* *
*#######.^............
* ,
#....................
, , *
#...#................
*
,#....................


You could see a centaur warrior, an orc warrior and a centaur.

Vanquished Creatures
  A cyclops (D:7)
  A water moccasin (D:7)
  2 ice beasts (D:6)
  An ogre (D:7)
  4 bullfrogs
  2 necrophages
  5 scorpions
  7 wights (D:7)
  A jelly (D:4)
  3 hounds
  2 orc priests
  Crazy Yiuf (D:2)
  Robin (D:3)
  5 gnolls
  6 adders
  2 worms
  A dart slug (D:5)
  11 orcs
  6 ball pythons
  4 bats
  6 endoplasms
  3 giant cockroaches
  14 goblins
  7 hobgoblins
  8 kobolds
  3 quokkas
  4 frilled lizards
  12 rats
123 creatures vanquished.

Vanquished Creatures (collateral kills)
  3 gnolls (D:6)
3 creatures vanquished.

Vanquished Creatures (others)
  A fungus (D:1)
  10 plants
  2 withered plants (D:4)
13 creatures vanquished.

Grand Total: 139 creatures vanquished

Notes
Turn   | Place    | Note
-------+----------+-------------------------------------------
     0 | D:1      | Flugkiller the Meteoran Chaos Knight began the quest for
                  | the Orb.
     0 | D:1      | Reached XP level 1. HP: 19/19 MP: 2/2
    53 | D:1      | XOM: smoke on damage
    59 | D:1      | Reached XP level 2. HP: 24/26 MP: 3/3
   185 | D:1      | Reached XP level 3. HP: 32/33 MP: 4/4
   221 | D:1      | XOM: silly message
   415 | D:2      | XOM: divination: magic mapping
   477 | D:2      | Reached XP level 4. HP: 39/40 MP: 5/5
   501 | D:2      | Reached skill level 1 in Transmutations
   553 | D:2      | Found a runed translucent door.
   554 | D:2      | Noticed Crazy Yiuf
   560 | D:2      | Killed Crazy Yiuf
   561 | D:2      | Reached skill level 1 in Spellcasting
   613 | D:2      | XOM: divination: detect items
   734 | D:2      | XOM: potion effect (haste)
   747 | D:2      | Reached skill level 2 in Transmutations
   747 | D:2      | Reached XP level 5. HP: 30/46 MP: 7/7
   865 | D:3      | Found a transporter.
   891 | D:3      | Noticed a gnoll sergeant
   909 | D:3      | Found a transporter.
   926 | D:3      | Reached skill level 5 in Unarmed Combat
   944 | D:3      | XOM: potion effect (brilliance)
  1031 | D:3      | XOM: silly message
  1047 | D:3      | Found a burning altar of Makhleb.
  1048 | D:3      | Found a sparkling altar of Nemelex Xobeh.
  1128 | D:3      | Noticed Robin
  1147 | D:3      | XOM: silly message
  1150 | D:3      | Killed Robin
  1362 | D:3      | Reached skill level 3 in Transmutations
  1362 | D:3      | Reached XP level 6. HP: 18/52 MP: 9/9
  1538 | D:4      | XOM: 1-stop teleportation journey
  1618 | D:4      | Found a runed translucent door.
  1618 | D:4      | Noticed bjarki66's ghost (amateur DgRe)
  1618 | D:4      | XOM: 3-stop teleportation journey
  1674 | D:4      | Learned a level 5 spell: Blade Hands
  1865 | D:5      | Entered Level 5 of the Dungeon
  1868 | D:5      | XOM: give mutations
  1868 | D:5      | Gained mutation: Armour fits poorly on your strangely
                  | shaped body. [Xom's mischief]
  1868 | D:5      | Gained mutation: You are dopey. (Int -2) [Xom's mischief]
  1868 | D:5      | Gained mutation: You are clumsy. (Dex -2) [Xom's mischief]
  1878 | D:5      | Reached skill level 4 in Transmutations
  1878 | D:5      | Reached XP level 7. HP: 38/59 MP: 10/12
  2035 | D:5      | XOM: give mutation
  2035 | D:5      | Gained mutation: You are vulnerable to heat. (rF-) [Xom's
                  | mischief]
  2111 | D:5      | XOM: confuse monster(s)
  2153 | D:5      | Found a snail-covered altar of Cheibriados.
  2204 | D:5      | XOM: cast spell 'Statue Form'
  2207 | D:5      | Reached skill level 5 in Transmutations
  2277 | D:5      | Found a staircase to the Ecumenical Temple.
  2311 | D:6      | XOM: cast spell 'Death Channel'
  2319 | D:6      | XOM: potion effect (brilliance)
  2332 | D:6      | Reached XP level 8. HP: 44/66 MP: 14/14
  2392 | D:6      | XOM: fog
  2413 | D:6      | XOM: summons 4 friendly demons
  2421 | D:6      | Reached skill level 6 in Transmutations
  2456 | D:6      | Found an opulent altar of Gozag.
  2458 | D:6      | Found a glowing golden altar of the Shining One.
  2458 | D:6      | Found a shimmering altar of Xom.
  2460 | D:6      | Found a stormy altar of Qazlal.
  2460 | D:6      | Found a broken altar of Ashenzari.
  2460 | D:6      | Found an iron altar of Okawaru.
  2727 | D:7      | XOM: god gift: scale mail {god gift}
  2735 | D:7      | XOM: butterfly on damage
  2737 | D:7      | Reached skill level 7 in Transmutations
  2737 | D:7      | Reached skill level 1 in Evocations
  2744 | D:7      | XOM: polymorph butterfly -> gnoll
  2758 | D:7      | Gained mutation: You passively map the area around you.
                  | [Meteoran growth]
  2758 | D:7      | Reached XP level 9. HP: 51/71 MP: 16/16
  2822 | D:7      | XOM: divination: detect items
  2834 | D:7      | XOM: silly message
  2885 | D:7      | Noticed a cyclops
  2893 | D:7      | XOM: butterfly on damage
  2897 | D:7      | Killed a cyclops
  2898 | D:7      | Reached skill level 9 in Transmutations
  2935 | D:7      | Reached skill level 10 in Transmutations
  2942 | D:7      | XOM: confuse monster(s)
  2943 | D:7      | Identified the +9 broad axe "Osefy" {protect, MP-9 Int+5
                  | Dex+4}
  2985 | D:7      | Identified the +2 robe of the Carpenter {rF- Str+5 Slay+6}
  2985 | D:7      | Noticed a centaur warrior
  2989 | D:7      | HP: 4/108 [bullfrog (5)]
  2989 | D:7      | HP: 1/108 [orc warrior/+0 trident (3)]
  2991 | D:7      | Slain by a centaur warrior

Illustrated notes

Levels and vault maps discovered:
D:1:      reono_arrival_forest_river, layout_basic,
          shapermc_ecumenical_altar_mp_urbaneastern, minmay_rat_gold_closets
D:2:      layout_basic, minmay_tetromino_o2, uniq_crazy_yiuf_cottage
D:3:      minmay_skewed_foursquare, layout_rooms, minitemple,
          gammafunk_ghost_gnarly_gnolls, uniq_robin
D:4:      layout_basic, gammafunk_ghost_grave, grunt_decor_mini_mirrors
D:5:      layout_basic, kennysheep_slug_shrine, temple_statues
D:6:      layout_rooms, doesnt_xom_only_xom
D:7:      nzn_winding_woodlands_cross [nzn_winding_woodlands_5x15_zeroes,
          nzn_winding_woodlands_5x15_sawtooth,
          nzn_winding_woodlands_5x15_parted, nzn_winding_woodlands_5x15_default,
          nzn_winding_woodlands_15x15_eel_pit], layout_layer_cave, st_stairs_1,
          serial_park_tiny_1

Skill      XL: |  1  2  3  4  5  6  7  8  9 |
---------------+----------------------------+-----
Unarmed Combat | 4 5 6 7 8 |  8.0
Fighting       | 4 |  4.8
Transmutations | 2 3 4 5 7 10 | 10.2
Spellcasting   | 1 2 3 4 |  4.0
Evocations     | 1 4 |  4.1
Armour         | |  2.4
Dodging        | |  1.2

Action                   |  1- 3 |  4- 6 |  7- 9 || total
-------------------------+-------+-------+-------++-------
Melee: Unarmed           |    89 |   189 |   206 ||   484
       Punch             |     1 |     3 |     8 ||    12
       Broad axe         |       |       |     9 ||     9
 Cast: Blade Hands       |       |       |     1 ||     1
Evoke: Piece from Xom's  |       |     2 |     2 ||     4
       Wand              |       |       |     1 ||     1
  Use: Scroll            |       |     4 |     4 ||     8
       Potion            |       |     1 |     1 ||     2
Armor: Leather armour    |    29 |    78 |    96 ||   203
Dodge: Dodged            |    46 |    71 |    96 ||   213
Block: Other             |       |       |    29 ||    29
       Reflection        |       |       |     1 ||     1

Table legend: (Time is in decaauts)
 A = Elapsed time spent in this place.
 B = Non-inter-level travel time spent in this place.
 C = Inter-level travel time spent in this place.
 D = Time resting spent in this place.
 E = Time spent auto-exploring this place.
 F = Levels seen in this place.
 G = Mean time per level.
                   A        B        C        D        E       F      G
               +--------+--------+--------+--------+--------+-----+--------+
         Total |   2950 |   2810 |    140 |      0 |      0 |   7 |  421.4 |
       Dungeon |   2950 |   2810 |    140 |      0 |      0 |   7 |  421.4 |
               +--------+--------+--------+--------+--------+-----+--------+

Top non-repeatable levels by time:
     D:3: 647 daAuts
     D:5: 437 daAuts
     D:2: 410 daAuts
     D:4: 402 daAuts
     D:1: 377 daAuts
     D:6: 373 daAuts
     D:7: 301 daAuts
